 Dungeon Crawl Stone Soup version 0.18-a0-1468-gaf180a1 (console) character file.

12957 Liam the Eclecticist (level 11, -1/54 HPs)
             Began as a Deep Elf Conjurer on Mar 1, 2016.
             Was a High Priest of Vehumet.
             Slain by an ogre
             ... wielding a +0 giant club
              (12 damage)
             ... on level 2 of the Orcish Mines.
             The game lasted 00:25:11 (12633 turns).

Liam the Eclecticist (Deep Elf Conjurer)           Turns: 12633, Time: 00:25:11

Health: -1/54      AC: 13    Str:  5    XL:     11   Next: 69%
Magic:  6/32       EV: 12    Int: 24    God:    Vehumet [*****.]
Gold:   1060       SH:  0    Dex: 15    Spells: 3 memorised, 31 levels left

rFire  + + .     SeeInvis .     x - -2 short sword (protect)
rCold  . . .     Gourm    +     z - +1 leather armour {rF+}
rNeg   . . .     Faith    .     (no shield)
rPois  +         Spirit   .     (no helmet)
rElec  .         Dismiss  .     (no cloak)
rCorr  .         Reflect  .     m - +0 pair of gloves
SustAt .         Harm     .     w - +2 pair of boots
MR     ++...                    v - amulet "Hiptom" {Gourm rPois rF+}
Stlth  ++........               (no ring)
                                F - ring of protection from magic

@: about to teleport, very resistant to hostile enchantments, unstealthy
A: no striking features
a: Renounce Religion


You were on level 2 of the Orcish Mines.
You worshipped Vehumet.
Vehumet was extremely pleased with you.
You were very full.

You visited 2 branches of the dungeon, and saw 12 of its levels.

You collected 1179 gold pieces.
You spent 119 gold pieces at shops.

Inventory:

Hand Weapons
 x - a -2 short sword of protection (weapon)
Armour
 m - a +0 pair of gloves (worn)
 w - a +2 pair of boots (worn)
 z - a +1 leather armour of fire resistance (worn)
Jewellery
 q - the macabre finger necklace {rN+}
   (You found it on level 4 of the Dungeon)

   [amulet of nothing]

   It protects you from negative energy.
 v - the amulet "Hiptom" (around neck) {Gourm rPois rF+}
   (You found it on level 4 of the Dungeon)

   [amulet of the gourmand]

   It allows you to eat raw meat even when not hungry.
   It protects you from fire.
   It protects you from poison.
 F - a ring of protection from magic (left hand)
 H - an uncursed amulet of inaccuracy
Wands
 p - a wand of iceblast (10/15)
 I - a wand of lightning (2/15)
 J - a wand of iceblast (7/15)
 L - a wand of polymorph (6/24)
Scrolls
 d - 7 scrolls of identify
 e - a scroll of teleportation
 i - 3 scrolls of enchant armour
 j - a scroll of magic mapping
 k - 3 scrolls of remove curse
 y - a scroll of immolation {unknown}
 B - 2 scrolls of random uselessness {unknown}
 N - a scroll of recharging {unknown}
Potions
 a - 2 potions of curing {unknown}
 f - 3 potions of agility
 g - a potion of cure mutation
 h - a potion of mutation
 s - 2 potions of degeneration
 t - a potion of cancellation {unknown}
 u - 3 potions of lignification {unknown}
 A - a potion of resistance {unknown}
 D - a potion of berserk rage {unknown}
 E - a potion of flight {unknown}
 K - a potion of magic {unknown}
Books
 b - a book of Conjurations

   Spells                             Type                      Level
   a - Magic Dart                     Conjuration                  1
   b - Searing Ray                    Conjuration                  2
   c - Dazzling Spray                 Conjuration/Hexes            3
   d - Fulminant Prism                Conjuration/Hexes            4
   e - Iskenderun's Mystic Blast      Conjuration                  4
   f - Iskenderun's Battlesphere      Conjuration/Charms           5
 G - a book of Fire

   Spells                             Type                      Level
   a - Ignite Poison                  Fire/Transmutation/Poison    3
   b - Fireball                       Conjuration/Fire             5
   c - Bolt of Fire                   Conjuration/Fire             6
   d - Delayed Fireball               Conjuration/Fire             7
   e - Ring of Flames                 Charms/Fire                  7
 M - a book of Power

   Spells                             Type                      Level
   a - Fulminant Prism                Conjuration/Hexes            4
   b - Iskenderun's Mystic Blast      Conjuration                  4
   c - Venom Bolt                     Conjuration/Poison           5
   d - Bolt of Magma                  Conjuration/Fire/Earth       5
   e - Iron Shot                      Conjuration/Earth            6
   f - Orb of Destruction             Conjuration                  7
   g - Spellforged Servitor           Conjuration/Summoning        7
Comestibles
 c - 2 bread rations
 l - 5 meat rations
 n - 3 slices of pizza
 o - 7 fruits
 C - 8 royal jellies
 O - 2 beef jerkies


   Skills:
 - Level 2.4 Dodging
 - Level 2.4 Stealth
 + Level 15.8 Spellcasting
 + Level 14.0 Conjurations
 - Level 8.0 Charms


You had 31 spell levels left.
You knew the following spells:

 Your Spells              Type           Power        Failure   Level  Hunger
a - Magic Dart            Conj           ####         0%          1    None
p - Iskenderun's Battles  Conj/Chrm      ######..     1%          5    #......
x - Iskenderun's Mystic   Conj           ######..     1%          4    None


Dungeon Overview and Level Annotations

Branches:
Dungeon (10/15)            Temple (0/1) D:6            Lair (0/8) D:8
    Orc (2/2) D:10            Elf (0/3) Orc:2

Altars:
Fedhas
Makhleb
Nemelex Xobeh
Ru
Sif Muna
Vehumet
Xom
Zin
Beogh

Shops:
D:4 !

Annotations:
D:5 Menkaure


Message History

Okay, then.
Drink which item? (? for menu, Esc to quit)
You feel much better. The ogre hits you with a giant club.
The ogre mage hits you from afar with a halberd!
Casting: Iskenderun's Mystic Blast
Confirm with . or Enter, or press ? or * to list all spells.
Okay, then.
Read which item? (? for menu, Esc to quit)
As you read the scroll of teleportation, it crumbles to dust.
You feel strangely unstable. The ogre hits you with a giant club!
* * * LOW HITPOINT WARNING * * *
The ogre mage mumbles some strange words.
The ogre mage flickers and vanishes!
Deactivating autopickup; reactivate with Ctrl-A.
The ogre barely misses you.
Drink which item? (? for menu, Esc to quit)
You feel much better. The ogre hits you with a giant club! Something hits you!
* * * LOW HITPOINT WARNING * * *
The ogre completely misses you. The ogre hits you with a giant club!
You die...

#..$##.# ##.#...........
..)O....##..#...........
........#....#..........
#..)...#................
#...).....O.............
#....))...OO............
#..#.#.#.###.......#....
####{....)...##....
#@OOO...<...###...
##OO.......### ##.#
#...........# ###
##..........## ##.
#.....>.....## #..
##...........### ##.
##............# #..
####.........###..
#.#.......##....


You could see 2 two-headed ogres and 3 ogres.

Vanquished Creatures
  Erolcha (D:9)
  3 hill giants (D:10)
  A queen bee (D:9)
  2 trolls
  3 wyverns
  The ghost of namelastname112 the Skirmisher, an amateur DrWn of Ashenzari (D:4)
  A wraith (D:10)
  Eustachio (D:4)
  2 hippogriffs (D:7)
  2 hungry ghosts (D:9)
  A water moccasin (D:9)
  16 orc warriors
  An ice beast (D:5)
  A black bear (D:10)
  3 phantoms
  A sky beast (D:8)
  17 ogres
  A wasp (D:10)
  A centaur (D:9)
  4 giant frogs
  2 big kobolds (D:10)
  2 gnoll sergeants (D:10)
  A wyvern zombie (D:7)
  9 scorpions
  7 wights
  26 killer bees
  5 electric eels (D:8)
  11 howler monkeys
  3 crimson imps
  4 hounds
  13 orc priests
  12 orc wizards
  A giant frog skeleton (D:4)
  4 jellies
  A centaur skeleton (D:7)
  13 worker ants
  A hound zombie (D:4)
  11 gnolls
  24 adders
  3 shadow imps
  An ooze (D:4)
  2 adder skeletons
  7 worms
  2 dart slugs
  A giant gecko (D:5)
  73 orcs
  7 bats
  5 giant cockroaches
  7 goblins
  7 hobgoblins
  3 jackals (D:2)
  8 kobolds
  5 quokkas
  A giant gecko zombie (D:6)
  A jackal zombie (D:7)
  A quokka skeleton (D:5)
  8 rats
355 creatures vanquished.

Vanquished Creatures (others)
  20 fungi (D:4)
20 creatures vanquished.

Grand Total: 375 creatures vanquished

Notes
Turn   | Place    | Note
--------------------------------------------------------------
     0 | D:1      | Liam the Deep Elf Conjurer began the quest for the Orb.
     0 | D:1      | Reached XP level 1. HP: 10/10 MP: 6/6
   276 | D:1      | Reached XP level 2. HP: 15/15 MP: 3/8
   574 | D:1      | Reached skill level 4 in Spellcasting
   878 | D:2      | Reached XP level 3. HP: 19/19 MP: 5/10
   919 | D:2      | Found a deep blue altar of Sif Muna.
  1067 | D:2      | Reached skill level 5 in Conjurations
  1291 | D:2      | Reached XP level 4. HP: 24/24 MP: 8/12
  1316 | D:2      | Reached skill level 5 in Spellcasting
  1322 | D:2      | Learned a level 4 spell: Iskenderun's Mystic Blast
  1976 | D:3      | Reached XP level 5. HP: 28/28 MP: 11/15
  2449 | D:4      | Noticed an ogre
  2454 | D:4      | Killed an ogre
  2454 | D:4      | Reached skill level 6 in Spellcasting
  2513 | D:4      | Learned a level 5 spell: Iskenderun's Battlesphere
  2551 | D:4      | Reached skill level 1 in Charms
  2551 | D:4      | Reached XP level 6. HP: 32/32 MP: 3/17
  2825 | D:4      | Noticed namelastname112's ghost (amateur DrWn)
  3084 | D:4      | Killed namelastname112's ghost
  3248 | D:4      | Found a sacrificial altar of Ru.
  3262 | D:4      | Reached skill level 7 in Spellcasting
  3262 | D:4      | Reached XP level 7. HP: 32/36 MP: 11/19
  3628 | D:4      | HP: 1/36 [poisoned by a scorpion]
  3953 | D:4      | Reached skill level 5 in Charms
  4168 | D:4      | Reached skill level 8 in Spellcasting
  4236 | D:4      | Found Koygiat's Distillery.
  4243 | D:4      | Bought a potion of mutation for 35 gold pieces
  4243 | D:4      | Bought a potion of heal wounds for 70 gold pieces
  4243 | D:4      | Bought a potion of degeneration for 14 gold pieces
  4305 | D:4      | Noticed Eustachio
  4328 | D:4      | Killed Eustachio
  4328 | D:4      | Reached XP level 8. HP: 35/41 MP: 0/22
  4370 | D:4      | Found a burning altar of Makhleb.
  4373 | D:4      | Found a glowing silver altar of Zin.
  4373 | D:4      | Found a shimmering altar of Xom.
  4499 | D:4      | Found a sparkling altar of Nemelex Xobeh.
  4499 | D:4      | Found a radiant altar of Vehumet.
  4527 | D:4      | Became a worshipper of Vehumet
  4677 | D:4      | Got a shimmering emerald amulet
  4682 | D:4      | Identified the amulet "Hiptom" {Gourm rPois rF+} (You found it on level 4 of the Dungeon)
  4993 | D:5      | Entered Level 5 of the Dungeon
  5208 | D:5      | Reached skill level 9 in Spellcasting
  5278 | D:5      | Reached * piety under Vehumet
  5278 | D:5      | Offered knowledge of Flame Tongue by Vehumet.
  5321 | D:5      | Noticed Menkaure
  5672 | D:6      | Found a staircase to the Ecumenical Temple.
  5867 | D:6      | You fall through a shaft for 2 floors!
  5945 | D:8      | Found a staircase to the Lair.
  6105 | D:8      | Reached XP level 9. HP: 37/45 MP: 2/24
  6197 | D:7      | Reached skill level 10 in Spellcasting
  6406 | D:8      | Offered knowledge of Shock by Vehumet.
  6746 | D:8      | Reached ** piety under Vehumet
  6850 | D:8      | Reached skill level 10 in Conjurations
  6977 | D:8      | Reached skill level 11 in Spellcasting
  7814 | D:7      | Offered knowledge of Static Discharge by Vehumet.
  8213 | D:7      | Reached skill level 12 in Spellcasting
  8673 | D:7      | Reached *** piety under Vehumet
  8673 | D:7      | Reached XP level 10. HP: 50/50 MP: 22/28
  9141 | D:9      | Found a shimmering altar of Xom.
  9142 | D:9      | Found a shimmering altar of Xom.
  9143 | D:9      | Found a shimmering altar of Xom.
  9143 | D:9      | Found a shimmering altar of Xom.
  9145 | D:9      | Found a shimmering altar of Xom.
  9146 | D:9      | Found a shimmering altar of Xom.
  9365 | D:9      | Offered knowledge of Conjure Flame by Vehumet.
  9369 | D:9      | Reached skill level 13 in Spellcasting
 10094 | D:9      | Noticed Erolcha
 10097 | D:9      | Killed Erolcha
 10097 | D:9      | Reached skill level 14 in Spellcasting
 10294 | D:10     | Entered Level 10 of the Dungeon
 10312 | D:10     | Noticed a hill giant
 10316 | D:10     | Killed a hill giant
 10345 | D:10     | Reached XP level 11. HP: 54/54 MP: 12/31
 10456 | D:10     | Reached **** piety under Vehumet
 10561 | D:10     | Noticed a hill giant
 10568 | D:10     | Killed a hill giant
 10646 | D:10     | Noticed a hill giant
 10651 | D:10     | Killed a hill giant
 10806 | D:10     | Found a blossoming altar of Fedhas.
 10875 | D:10     | Offered knowledge of Irradiate by Vehumet.
 11064 | D:10     | Found a staircase to the Orcish Mines.
 11073 | D:10     | Reached skill level 15 in Spellcasting
 11543 | Orc:1    | Entered Level 1 of the Orcish Mines
 11780 | Orc:1    | Found a roughly hewn altar of Beogh.
 11833 | Orc:1    | Reached ***** piety under Vehumet
 11870 | Orc:1    | Offered knowledge of Bolt of Draining by Vehumet.
 12260 | Orc:2    | Entered Level 2 of the Orcish Mines
 12260 | Orc:2    | Found a staircase to the Elven Halls.
 12617 | Orc:2    | Noticed an ogre mage
 12633 | Orc:2    | Slain by an ogre

Vault maps used:
D:1:      saegor_arrival_simple_e
D:2:      led_sif_pool
D:4:      old_forge, lemuel_doored_altar, gammafunk_temple_overflow_elements,
          grunt_temple_overflow_open, first_bread, serial_shops,
          kennysheep_mini_moat, uniq_eustachio
D:5:      elyvilon_altar_3, uniq_menkaure
D:6:      minmay_temple_entry_fiery, roderic_serpentine_path
D:8:      lair_0_dummy, serial_bayou_lagoon_b
D:9:      david_nohive_1, xom_shifter_show, uniq_erolcha
D:10:     kennysheep_orc_monster_closet_entryway, fedhas_altar_2
Orc:1:    basic_altar
Orc:2:    st_orc_ogre_mass

Skill      XL: |  1  2  3  4  5  6  7  8  9 10 11 |
---------------+----------------------------------+-----
Spellcasting   | 4 5 6 7 8 9 12 14 15 | 15.8
Conjurations   | 5 6 7 9 11 12 14 | 14.0
Charms         | 1 3 5 8 |  8.0
Dodging        | |  2.4
Stealth        | |  2.4

Action                   |  1- 3 |  4- 6 |  7- 9 | 10-12 || total
-------------------------+-------+-------+-------+-------++-------
Melee: Unarmed           |       |     1 |    21 |       ||    22
       Short sword       |       |       |    14 |     1 ||    15
 Cast: Magic Dart        |    70 |   114 |   286 |   275 ||   745
       Iskenderun's Myst |       |    13 |    32 |    44 ||    89
       Iskenderun's Batt |       |       |    44 |    61 ||   105
Evoke: Wand              |       |       |       |     1 ||     1
  Use: Potion            |       |       |     2 |     3 ||     5
       Scroll            |       |       |     6 |     1 ||     7
  Eat: Chunk             |     1 |     4 |    35 |    18 ||    58
       Fruit             |       |     2 |     1 |       ||     3
